TOP OF THE 1ST |
Memphis Bears batting - Pitching for Savannah Goobers : RHP Don Richardson
|
Pitching: RHP Don Richardson
|
|
Batting: RHB Frank Saunders
|
0-0: Ball 1-0: Foul Ball, location: 9LDF 1-1: Ball 2-1: Fly out, F7 (Flyball, 7, EV 91.9 MPH)
|
Batting: LHB James Watkins
|
0-0: Called Strike 0-1: Ball 1-1: Swinging Strike 1-2: Strikes out swinging
|
Batting: LHB Spencer Burke
|
0-0: Ball 1-0: Called Strike 1-1: Fly out, F8 (Flyball, 8RM, EV 90.6 MPH)
|
Top of the 1st over - 0 runs, 0 hits, 0 errors, 0 left on base; Memphis 0 - Savannah 0 |
BOTTOM OF THE 1ST |
Savannah Goobers batting - Pitching for Memphis Bears : LHP John Coley
|
Pitching: LHP John Coley
|
|
Batting: LHB Quincy Anderson
|
0-0: Fly out, F9 (Line Drive, 89M, EV 106.3 MPH)
|
Batting: RHB Max Smith
|
0-0: Ball 1-0: Swinging Strike 1-1: Ball 2-1: Ball 3-1: Fly out, F9 (Flyball, 9D, EV 93.1 MPH)
|
Batting: RHB Albert Miles
|
0-0: Ball 1-0: Reached on error, E6 (Groundball, 6M, EV 104.4 MPH)
|
Batting: RHB Dave Frederick
|
0-0: Called Strike 0-1: Ball 1-1: Ball 2-1: Ball 3-1: Base on Balls Albert Miles to second
|
Batting: RHB Lacy Knight
|
0-0: Ball 1-0: Ground out 5-3 (Groundball, 56S, EV 67.5 MPH)
|
Bottom of the 1st over - 0 runs, 0 hits, 1 error, 2 left on base; Memphis 0 - Savannah 0 |
TOP OF THE 2ND |
Memphis Bears batting - Pitching for Savannah Goobers : RHP Don Richardson
|
Batting: LHB Alphonse Johnson
|
0-0: SINGLE (Line Drive, 89M, EV 101.3 MPH)
|
Batting: RHB James Bell
|
0-0: Ball 1-0: Ball 2-0: Bunt - Flyout to 5S! F5
|
Batting: RHB Norman Hill
|
0-0: Called Strike 0-1: Ball 1-1: Ball 2-1: Foul Ball, location: 3F 2-2: Fly out, F4 (Popup, 3DF, EV 71.3 MPH)
|
Batting: LHB Al Ewing
|
0-0: Ball Alphonse Johnson steals 2nd base 1-0: Ball 2-0: Ball 3-0: Called Strike 3-1: Called Strike 3-2: Fly out, F4 (Line Drive, 4D, EV 76.9 MPH)
|
Top of the 2nd over - 0 runs, 1 hit, 0 errors, 1 left on base; Memphis 0 - Savannah 0 |
BOTTOM OF THE 2ND |
Savannah Goobers batting - Pitching for Memphis Bears : LHP John Coley
|
Batting: RHB Andy McAvoy
|
0-0: Ball 1-0: Ball 2-0: Ground out 6-3 (Groundball, 6, EV 78.8 MPH)
|
Batting: RHB Red Gillespie
|
0-0: Ground out 4-3 (Groundball, 4, EV 101.3 MPH)
|
Batting: LHB Vicial Brown
|
0-0: Ball 1-0: Swinging Strike 1-1: Ball 2-1: Foul Ball, location: 3FF 2-2: Ball 3-2: Base on Balls
|
Batting: RHB Don Richardson
|
0-0: Called Strike 0-1: Foul Ball, location: 2F 0-2: SINGLE (Line Drive, 8RS, EV 84.4 MPH) Vicial Brown to second Runner from 2nd tries for 3rd, SAFE, throw by CF made to third
|
Batting: LHB Quincy Anderson
|
0-0: Called Strike 0-1: Ground out 4-3 (Groundball, 4, EV 102.5 MPH)
|
Bottom of the 2nd over - 0 runs, 1 hit, 0 errors, 2 left on base; Memphis 0 - Savannah 0 |
TOP OF THE 3RD |
Memphis Bears batting - Pitching for Savannah Goobers : RHP Don Richardson
|
Batting: RHB George Jackson
|
0-0: Ball 1-0: Ball 2-0: Called Strike 2-1: Ball 3-1: Base on Balls
|
Batting: LHB John Coley
|
0-0: Reached on error, E1 (Groundball, 15, EV 43.8 MPH) George Jackson to second
|
Batting: RHB Frank Saunders
|
0-0: Sac Bunt to P - play at first, batter OUT! 1-3 George Jackson to third John Coley to second
|
Batting: LHB James Watkins
|
0-0: Fly out, F7 (Line Drive, 7S, EV 91.3 MPH)
|
Batting: LHB Spencer Burke
|
0-0: Ball 1-0: Ground out 4-3 (Groundball, 4M, EV 91.3 MPH)
|
Top of the 3rd over - 0 runs, 0 hits, 1 error, 2 left on base; Memphis 0 - Savannah 0 |
BOTTOM OF THE 3RD |
Savannah Goobers batting - Pitching for Memphis Bears : LHP John Coley
|
Batting: RHB Max Smith
|
0-0: Foul Ball, location: 5F 0-1: Foul Ball, location: 2F 0-2: Ball 1-2: Fly out, F8 (Flyball, 8RXD, EV 106.9 MPH)
|
Batting: RHB Albert Miles
|
0-0: Ball 1-0: Ground out 5-3 (Groundball, 56S, EV 81.9 MPH)
|
Batting: RHB Dave Frederick
|
0-0: SINGLE (Groundball, 34S, EV 65.0 MPH) (infield hit)
|
Batting: RHB Lacy Knight
|
0-0: Fly out, F3 (Popup, 3F, EV 78.1 MPH)
|
Bottom of the 3rd over - 0 runs, 1 hit, 0 errors, 1 left on base; Memphis 0 - Savannah 0 |
TOP OF THE 4TH |
Memphis Bears batting - Pitching for Savannah Goobers : RHP Don Richardson
|
Batting: LHB Alphonse Johnson
|
0-0: Ball 1-0: Called Strike 1-1: Fly out, F3 (Popup, 3F, EV 61.9 MPH)
|
Batting: RHB James Bell
|
0-0: Ball 1-0: Foul Ball, location: 3DF 1-1: Swinging Strike 1-2: Strikes out swinging
|
Batting: RHB Norman Hill
|
0-0: Ball 1-0: Fly out, F9 (Flyball, 9D, EV 105.0 MPH)
|
Top of the 4th over - 0 runs, 0 hits, 0 errors, 0 left on base; Memphis 0 - Savannah 0 |
BOTTOM OF THE 4TH |
Savannah Goobers batting - Pitching for Memphis Bears : LHP John Coley
|
Batting: RHB Andy McAvoy
|
0-0: Ground out 6-3 (Groundball, 6, EV 87.5 MPH)
|
Batting: RHB Red Gillespie
|
0-0: Ball 1-0: Ball 2-0: Foul Ball, location: 9LSF 2-1: Foul Ball, location: 7LDF 2-2: Fly out, F9 (Flyball, 9LM, EV 97.5 MPH)
|
Batting: LHB Vicial Brown
|
0-0: Called Strike 0-1: Ball 1-1: Fly out, F3 (Popup, 3SF, EV 77.5 MPH)
|
Bottom of the 4th over - 0 runs, 0 hits, 0 errors, 0 left on base; Memphis 0 - Savannah 0 |
TOP OF THE 5TH |
Memphis Bears batting - Pitching for Savannah Goobers : RHP Don Richardson
|
Batting: LHB Al Ewing
|
0-0: Called Strike 0-1: Ball 1-1: Swinging Strike 1-2: Ball 2-2: Strikes out swinging
|
Batting: RHB George Jackson
|
0-0: Ball 1-0: Swinging Strike 1-1: Called Strike 1-2: Ground out 3-1 (Groundball, 34S, EV 85.0 MPH)
|
Batting: LHB John Coley
|
0-0: DOUBLE (Line Drive, 78M, EV 90.6 MPH)
|
Batting: RHB Frank Saunders
|
0-0: Ball 1-0: Foul Ball, location: 7LDF 1-1: Fly out, F6 (Popup, 4MD, EV 56.9 MPH)
|
Top of the 5th over - 0 runs, 1 hit, 0 errors, 1 left on base; Memphis 0 - Savannah 0 |
BOTTOM OF THE 5TH |
Savannah Goobers batting - Pitching for Memphis Bears : LHP John Coley
|
Batting: RHB Don Richardson
|
0-0: Ball 1-0: Foul Ball, location: 3F 1-1: Foul Ball, location: 9LDF 1-2: Ball 2-2: Fly out, F5 (Popup, 5F, EV 75.6 MPH)
|
Batting: LHB Quincy Anderson
|
0-0: Ball 1-0: Called Strike 1-1: Ball 2-1: Fly out, F8 (Flyball, 8RD, EV 88.8 MPH)
|
Batting: RHB Max Smith
|
0-0: Ball 1-0: Ball 2-0: Swinging Strike 2-1: Fly out, F4 (Popup, 3D, EV 49.4 MPH)
|
Bottom of the 5th over - 0 runs, 0 hits, 0 errors, 0 left on base; Memphis 0 - Savannah 0 |
TOP OF THE 6TH |
Memphis Bears batting - Pitching for Savannah Goobers : RHP Don Richardson
|
Batting: LHB James Watkins
|
0-0: Fly out, F7 (Flyball, 7D, EV 104.4 MPH)
|
Batting: LHB Spencer Burke
|
0-0: Called Strike 0-1: Ball 1-1: Ball 2-1: SINGLE (Groundball, 15, EV 64.4 MPH) (infield hit)
|
Batting: LHB Alphonse Johnson
|
0-0: Ball 1-0: Called Strike Spencer Burke steals 2nd base 1-1: Ball 2-1: Ball 3-1: Ground out 4-3 (Groundball, 34, EV 104.4 MPH) Spencer Burke to third
|
Batting: RHB James Bell
|
0-0: Ground out 4-3 (Groundball, 4, EV 105.6 MPH)
|
Top of the 6th over - 0 runs, 1 hit, 0 errors, 1 left on base; Memphis 0 - Savannah 0 |
BOTTOM OF THE 6TH |
Savannah Goobers batting - Pitching for Memphis Bears : LHP John Coley
|
Batting: RHB Albert Miles
|
0-0: Ball 1-0: Ball 2-0: Called Strike 2-1: Swinging Strike 2-2: Ground out 4-3 (Groundball, 4M, EV 79.4 MPH)
|
Batting: RHB Dave Frederick
|
0-0: Swinging Strike 0-1: SINGLE (Line Drive, 78S, EV 98.8 MPH)
|
Batting: RHB Lacy Knight
|
0-0: Ball 1-0: Called Strike 1-1: Reached on error, E1 (Groundball, 13, EV 65.6 MPH) Dave Frederick to second
|
Batting: RHB Andy McAvoy
|
0-0: Called Strike 0-1: Foul Ball, location: 2RF 0-2: Ball 1-2: Foul Ball, location: 2F 1-2: Foul Ball, location: 9LSF 1-2: Ball 2-2: Ground out 5-3 (Groundball, 56S, EV 64.4 MPH) Dave Frederick to third Lacy Knight to second
|
Batting: RHB Red Gillespie
|
0-0: Called Strike 0-1: Ball 1-1: Foul Ball, location: 9LSFF 1-2: Fly out, F3 (Line Drive, 3L, EV 73.8 MPH)
|
Bottom of the 6th over - 0 runs, 1 hit, 1 error, 2 left on base; Memphis 0 - Savannah 0 |
TOP OF THE 7TH |
Memphis Bears batting - Pitching for Savannah Goobers : RHP Don Richardson
|
Batting: RHB Norman Hill
|
0-0: Fly out, F2 (Popup, 2LF, EV 91.3 MPH)
|
Batting: LHB Al Ewing
|
0-0: Called Strike 0-1: Fly out, F9 (Flyball, 9LS, EV 95.0 MPH)
|
Batting: RHB George Jackson
|
0-0: Ground out 6-3 (Groundball, 6MD, EV 89.4 MPH)
|
Top of the 7th over - 0 runs, 0 hits, 0 errors, 0 left on base; Memphis 0 - Savannah 0 |
BOTTOM OF THE 7TH |
Savannah Goobers batting - Pitching for Memphis Bears : LHP John Coley
|
Pinch Hitting: RHB Robert Jones
|
0-0: Fly out, F5 (Popup, 56S, EV 86.3 MPH)
|
Batting: RHB Don Richardson
|
0-0: Ground out 6-3 (Groundball, 6, EV 106.9 MPH)
|
Pinch Hitting: RHB Joe Dooley
|
0-0: Foul Ball, location: 9LMFF 0-1: Ground out 6-3 (Groundball, 6MD, EV 100.6 MPH)
|
Bottom of the 7th over - 0 runs, 0 hits, 0 errors, 0 left on base; Memphis 0 - Savannah 0 |
TOP OF THE 8TH |
Memphis Bears batting - Pitching for Savannah Goobers : RHP Don Richardson
|
Now at 2B: Newt Fleet
|
|
Now in LF: William Moody
|
|
Batting: LHB John Coley
|
0-0: Ball 1-0: Ground out U3 (Groundball, 34S, EV 81.9 MPH)
|
Batting: RHB Frank Saunders
|
0-0: Ball 1-0: Fly out, F4 (Popup, 3D, EV 45.6 MPH)
|
Batting: LHB James Watkins
|
0-0: Called Strike 0-1: TRIPLE (Flyball, 9LD, EV 101.9 MPH)
|
Batting: LHB Spencer Burke
|
0-0: Called Strike 0-1: Foul Ball, location: 2F 0-2: Ball 1-2: Ball 2-2: Ball 3-2: Fly out, F8 (Line Drive, 8RS, EV 93.1 MPH)
|
Top of the 8th over - 0 runs, 1 hit, 0 errors, 1 left on base; Memphis 0 - Savannah 0 |
BOTTOM OF THE 8TH |
Savannah Goobers batting - Pitching for Memphis Bears : LHP John Coley
|
Batting: RHB Max Smith
|
0-0: DOUBLE (Flyball, 89XD, EV 111.3 MPH)
|
Batting: RHB Albert Miles
|
0-0: Reached on error, E6 (Groundball, 6, EV 87.5 MPH)
|
Batting: RHB Dave Frederick
|
0-0: Bunted foul 0-1: Sac Bunt to 13 - play at first, batter OUT! 1-4 Max Smith to third Albert Miles to second
|
Batting: RHB Lacy Knight
|
0-0: Called Strike 0-1: Ball 1-1: Foul Ball, location: 9LDF 1-2: Ball 2-2: Ball 3-2: SINGLE (Groundball, 4D, EV 103.1 MPH) Max Smith scores Albert Miles to third Throwing error, E8 Albert Miles scores Lacy Knight to second
|
Batting: RHB Andy McAvoy
|
0-0: Called Strike 0-1: Called Strike 0-2: Ball 1-2: Ball 2-2: Ball 3-2: Base on Balls
|
Batting: RHB Red Gillespie
|
0-0: Ball 1-0: Called Strike 1-1: Foul Ball, location: 9LMF 1-2: Foul Ball, location: 23FF 1-2: Ball 2-2: Ball 3-2: Foul Ball, location: 2F 3-2: Foul Ball, location: 23F 3-2: SINGLE (Groundball, 6MD, EV 104.4 MPH) Lacy Knight to third Andy McAvoy to second Runner from 3rd tries for Home, SAFE, throw by CF to home Andy McAvoy to third Red Gillespie to second
|
Batting: RHB Newt Fleet
|
0-0: Ball 1-0: Swinging Strike 1-1: Called Strike 1-2: Ball 2-2: Ball 3-2: Strikes out looking
|
Batting: RHB Don Richardson
|
0-0: Called Strike 0-1: Ball 1-1: Fly out, F1 (Line Drive, P, EV 70.6 MPH)
|
Bottom of the 8th over - 3 runs, 3 hits, 2 errors, 2 left on base; Memphis 0 - Savannah 3 |
TOP OF THE 9TH |
Memphis Bears batting - Pitching for Savannah Goobers : RHP Don Richardson
|
Batting: LHB Alphonse Johnson
|
0-0: Fly out, F6 (Popup, 6M, EV 59.4 MPH)
|
Pinch Hitting: LHB Dan Marvin
|
0-0: Ball 1-0: Called Strike 1-1: Swinging Strike 1-2: Ball 2-2: Ball 3-2: Strikes out swinging
|
Batting: RHB Norman Hill
|
0-0: Ball 1-0: Foul Ball, location: 9LMF 1-1: Ground out 6-3 (Groundball, 6, EV 103.1 MPH)
|
Top of the 9th over - 0 runs, 0 hits, 0 errors, 0 left on base; Memphis 0 - Savannah 3 |
|